 Dungeon Crawl Stone Soup version 0.30-a0-222-ge547ba4400 (webtiles) character file.

Game seed: 11614636766552662804

588 qw the Shield-Bearer (level 7, -9/41 HPs)
             Began as a Gargoyle Fighter on Oct 8, 2022.
             Blown up by Ijyb (15 damage)
             ... with a mindburst bolt
             ... on level 4 of the Dungeon.
             The game lasted 00:01:14 (3272 turns).

qw the Shield-Bearer (Gargoyle Fighter)             Turns: 3272, Time: 00:01:15

Health: -9/41      AC: 19    Str: 23    XL:     7   Next: 38%
Magic:  7/7        EV:  3    Int:  9    God:
Gold:   212        SH: 14    Dex: 12    Spells: 6/6 levels left

rFire   . . .      SeeInvis .    Y - +1 war axe
rCold   . . .      Faith    .    k - +0 tower shield
rNeg    + + .      Spirit   .    l - +0 plate armour
rPois   inf        Reflect  .    b - +1 helmet "Fiegok" {rElec rN+ Str+2 Dex+3}
rElec   +          Harm     .    a - +0 cloak
rCorr   .          Rampage  .    (no gloves)
Will    .....                    (no boots)
Stlth   ..........               (no amulet)
HPRegen 0.26/turn                (no ring)
MPRegen 0.10/turn                (no ring)

@: no status effects
A: sickness immunity, AC +4, negative energy resistance 1, electricity
resistance, torment resistance 1, petrification resistance
a: no special abilities


You were on level 4 of the Dungeon.
You visited 1 branch of the dungeon, and saw 4 of its levels.

You collected 212 gold pieces.


Innate Abilities, Weirdness & Mutations

You are immune to sickness and miasma.
Your stone body is resilient. (AC +4)
You are immune to poison.
You resist negative energy. (rN+)
You are resistant to electric shocks. (rElec)
You are resistant to unholy torment.
You are immune to petrification.


   Skills:
 - Level 3.2 Fighting
 - Level 4.0 Axes
 - Level 1.1 Throwing
 - Level 3.2 Armour
 + Level 7.7 Shields


You had 6 spell levels left.
You didn't know any spells.
Your spell library was empty.

Inventory:

Hand Weapons
 f - a +0 flail
 Y - a +1 war axe (weapon)
Missiles
 i - 3 silver javelins (quivered)
Armour
 a - a +0 cloak (worn)
 b - the +1 helmet "Fiegok" (worn) {rElec rN+ Str+2 Dex+3}
   (You took it off Robin on level 2 of the Dungeon)

   Str:       It affects your strength (+2).
   Dex:       It affects your dexterity (+3).
   rElec:     It insulates you from electricity.
   rN:        It protects you from negative energy.
 k - a +0 tower shield (worn)
 l - a +0 plate armour (worn)
Jewellery
 g - a ring of fire
 m - a ring of ice
Scrolls
 j - a scroll of identify
Potions
 c - a potion of attraction {unknown}
 d - a potion of might
 e - a potion of magic {unknown}
 h - a potion of haste
 n - a potion of heal wounds {unknown}

Dungeon Overview and Level Annotations

Branches:
Dungeon (4/15)
 Temple: D:4-7

Altars:
Nemelex Xobeh
Uskayaw

Annotations:
D:4 Ijyb


Message History

Enter note:
Enter note:
Enter note:
Enter note: Ijyb zaps a wand.
Your mind is blasted!
You block Ijyb's attack.
You hit Ijyb.
Ijyb is moderately wounded.
You block Ijyb's attack. x2
You hit Ijyb but do no damage.
Ijyb is moderately wounded.
Ijyb hits you with a +0 club.
You hit Ijyb.
Ijyb is moderately wounded.
Ijyb hits you but does no damage.
Ijyb zaps a wand.
Your mind is blasted!
You hit Ijyb but do no damage.
Ijyb is moderately wounded.
Ijyb hits you but does no damage. You block Ijyb's attack.
You completely miss Ijyb.
Ijyb is moderately wounded.
Ijyb hits you but does no damage.
You hit Ijyb but do no damage.
Ijyb is moderately wounded.
You block Ijyb's attack.
Ijyb zaps a wand.
You struggle to resist.
You hit Ijyb but do no damage.
Ijyb is moderately wounded.
You block Ijyb's attack.
Ijyb zaps a wand.
You struggle to resist.
You closely miss Ijyb.
Ijyb is moderately wounded.
Ijyb hits you but does no damage.
You barely miss Ijyb.
Ijyb is moderately wounded.
Ijyb hits you but does no damage. x2
You hit Ijyb.
Ijyb is heavily wounded.
Ijyb zaps a wand.
Your mind is blasted!
You hit Ijyb.
Ijyb is heavily wounded.
You block Ijyb's attack.
Ijyb zaps a wand.
Your mind is blasted!
You die...

##..## #............
##..# #.......<.....
#...## #.......#.....
##....##
##......#..###..
##......###.....####..#
#.. #............###
##..###.
...............# #..###
..........##...#
##.....
.........###@..#
###...... ........##
#g..# ###........
......... ....#
........... .......
....... ...........
......
.................#..
###......###......##.
.......# #####...#.
..#....# ##.... ##.....


You could see Ijyb.

Vanquished Creatures
  An ogre (D:3)
  A bullfrog (D:4)
  3 hounds (D:4)
  Jessica (D:3)
  An iguana (D:4)
  Natasha (thrice) (D:3)
  Robin (D:2)
  4 gnolls (D:4)
  7 adders
  An ufetubus (D:4)
  2 dart slugs
  3 worms
  5 orcs (D:3)
  6 bats
  6 endoplasms
  3 giant cockroaches
  10 goblins
  5 hobgoblins
  18 jackals
  3 quokkas
  7 ball pythons
  3 frilled lizards (D:3)
  4 kobolds
  2 rats
100 creatures vanquished.

Notes
Turn   | Place    | Note
-------+----------+-------------------------------------------
     0 | D:1      | qw the Gargoyle Fighter began the quest for the Orb.
     0 | D:1      | Reached XP level 1. HP: 14/14 MP: 1/1
     0 | D:1      | 0 ||| qw: Version: 0.2-a-17-g06abaee
     0 | D:1      | 0 ||| qw: Game counter: 2013
     0 | D:1      | 0 ||| qw: Always use a shield: true
     0 | D:1      | 0 ||| qw: God list: Okawaru
     0 | D:1      | 0 ||| qw: Allow faded altars: false
     0 | D:1      | 0 ||| qw: Do Orc after D:15 true
     0 | D:1      | 0 ||| qw: Do second Lair branch before Depths: true
     0 | D:1      | 0 ||| qw: Lair rune preference: random
     0 | D:1      | 0 ||| qw: Plans: Normal, Zot:1-4, God:TSO, Crypt, Tomb,
                  | Pan, Slime:5, Hells, Abyss, Orb
     0 | D:1      | 0 ||| PLANNING D:1-11
    52 | D:1      | Reached XP level 2. HP: 19/19 MP: 2/2
   163 | D:1      | Reached skill level 3 in Axes
   173 | D:1      | Reached XP level 3. HP: 23/23 MP: 3/3
   263 | D:1      | Found a faded altar of an unknown god.
   470 | D:1      | 470 ||| UPGRADING to +0 chain mail.
   480 | D:1      | 480 ||| DROPPING +0 scale mail.
   481 | D:1      | 481 ||| UPGRADING to +0 tower shield.
   491 | D:1      | 491 ||| DROPPING +0 buckler.
   492 | D:1      | 492 ||| UPGRADING to +0 plate armour.
   502 | D:1      | 502 ||| DROPPING +0 chain mail.
   503 | D:1      | 503 ||| READING scroll labelled ESCHALL ECAXUA.
   504 | D:1      | 504 ||| READING scroll labelled CANOYN WUNIAM.
   505 | D:1      | 505 ||| READING scroll labelled HEISTRU DYBAONIGOA.
   506 | D:1      | 506 ||| DRINKING 2 viscous inky potions.
   555 | D:2      | 555 ||| FLEEEEING.
   556 | D:2      | 556 ||| Stepping ~*~*~tactically~*~*~ (stealth).
   698 | D:2      | Found a sparkling altar of Nemelex Xobeh.
   737 | D:2      | Identified the +1 helmet "Fiegok" {rElec rN+ Str+2 Dex+3}
   737 | D:2      | Noticed Robin
   742 | D:2      | Reached XP level 4. HP: 20/28 MP: 4/4
   746 | D:2      | Reached skill level 4 in Shields
   765 | D:2      | Killed Robin
  1143 | D:2      | Reached XP level 5. HP: 32/32 MP: 5/5
  1199 | D:2      | 1199 ||| Stepping ~*~*~tactically~*~*~ (hiding).
  1611 | D:2      | 1611 ||| UPGRADING to +0 cloak.
  1616 | D:2      | 1616 ||| UPGRADING to +1 helmet "Fiegok" {rElec rN+ Str+2
                  | Dex+3}.
  1621 | D:2      | 1621 ||| READING scroll labelled NYPPYOL MONTI.
  1722 | D:2      | 1722 ||| READING 3 scrolls labelled RAGUIMAQOFF.
  1723 | D:2      | 1723 ||| READING scroll labelled YKUEH SEHIEPP.
  1724 | D:2      | 1724 ||| READING scroll labelled AFAZATHRAQ.
  1725 | D:2      | 1725 ||| DROPPING 2 scrolls of amnesia.
  1765 | D:3      | Reached skill level 5 in Shields
  1787 | D:3      | Noticed an ogre
  1790 | D:3      | Killed an ogre
  1847 | D:3      | 1847 ||| DROPPING +0 club.
  1854 | D:3      | Noticed Jessica
  1855 | D:3      | 1855 ||| Stepping ~*~*~tactically~*~*~ (hiding).
  1858 | D:3      | Killed Jessica
  1859 | D:3      | Reached skill level 1 in Throwing
  1859 | D:3      | Reached XP level 6. HP: 37/37 MP: 6/6
  2005 | D:3      | Reached skill level 6 in Shields
  2008 | D:3      | Noticed Natasha
  2023 | D:3      | Killed Natasha
  2217 | D:3      | 2217 ||| Stepping ~*~*~tactically~*~*~ (stealth).
  2223 | D:3      | Noticed Natasha
  2224 | D:3      | 2224 ||| Stepping ~*~*~tactically~*~*~ (stealth).
  2232 | D:3      | Killed Natasha
  2232 | D:3      | Noticed Natasha
  2233 | D:3      | 2233 ||| Stepping ~*~*~tactically~*~*~ (hiding).
  2235 | D:3      | 2235 ||| Stepping ~*~*~tactically~*~*~ (hiding).
  2246 | D:3      | Killed Natasha
  2422 | D:3      | 2422 ||| READING scroll labelled PIADIFURIMP.
  2423 | D:3      | 2423 ||| READING scroll labelled JUZYKHL WENI.
  2424 | D:3      | 2424 ||| READING scroll labelled ZOEPHA QUTI.
  2425 | D:3      | 2425 ||| DROPPING potion of brilliance.
  2499 | D:4      | Found a hide-covered altar of Uskayaw.
  2568 | D:4      | Reached skill level 7 in Shields
  2594 | D:4      | 2594 ||| Stepping ~*~*~tactically~*~*~ (stealth).
  2715 | D:4      | 2715 ||| Stepping ~*~*~tactically~*~*~ (stealth).
  2756 | D:4      | Reached XP level 7. HP: 41/41 MP: 7/7
  3259 | D:4      | Noticed Ijyb
  3271 | D:4      | HP: 6/41 [disintegration (18)]
  3272 | D:4      | Blown up by Ijyb

Levels and vault maps discovered:
D:1:      minmay_arrival_five_plusses, layout_basic, basic_ecumenical_altar
D:2:      layout_basic, basic_altar, nicolae_hexahallways, uniq_robin
D:3:      layout_basic, uniq_natasha, uniq_jessica
D:4:      layout_layer_cave, general_overflow_altar, uniq_ijyb

Skill      XL: |  1  2  3  4  5  6  7 |
---------------+----------------------+-----
Axes           | 2 3 4 |  4.0
Shields        | 4 5 7 |  7.7
Throwing       | 1 |  1.1
Fighting       | |  3.2
Armour         | |  3.2

Action                   |  1- 3 |  4- 6 |  7- 9 || total
-------------------------+-------+-------+-------++-------
Melee: War axe           |    81 |   129 |    40 ||   250
Throw: Javelin           |       |    33 |     7 ||    40
  Use: Scroll            |     3 |     7 |       ||    10
       Potion            |     1 |       |       ||     1
Armor: Scale mail        |    36 |       |       ||    36
       Plate armour      |    20 |   110 |    25 ||   155
Dodge: Dodged            |    51 |    15 |     4 ||    70
Block: Buckler           |    11 |       |       ||    11
       Tower shield      |    18 |    98 |    39 ||   155

Table legend:
 A = Non-vault XP
 B = Vault XP
 C = Vault XP percentage of total XP
 D = Non-vault monster count
 E = Vault monster count
 F = Vault count percentage of total count
                 A         B        C        D         E       F
            +---------+---------+-------+---------+---------+-------
      Total |     732 |     109 |  13.0 |      86 |      14 |  14.0
            +---------+---------+-------+---------+---------+-------
        D:1 |      53 |       0 |   0.0 |      28 |       0 |   0.0
        D:2 |      81 |      37 |  31.4 |      17 |      12 |  41.4
        D:3 |     216 |      72 |  25.0 |      17 |       2 |  10.5
        D:4 |     382 |       0 |   0.0 |      24 |       0 |   0.0
            +---------+---------+-------+---------+---------+-------
